 Dungeon Crawl Stone Soup version 0.17.1-3-g152610e (webtiles) character file.

611 Peloso the Shield-Bearer (level 7, -10/61 HPs)
             Began as a Minotaur Fighter on Apr 1, 2016.
             Mangled by a mummy (12 damage)
             ... in an ossuary.
             The game lasted 00:09:10 (4155 turns).

Peloso the Shield-Bearer (Minotaur Fighter)         Turns: 4155, Time: 00:09:10

Health: -10/61     AC:  7    Str: 21      XL:     7   Next: 20%
Magic:  0/6        EV:  9    Int:  7 (10) God:
Gold:   155        SH: 10    Dex: 11      Spells: 0 memorised, 6 levels left

rFire  . . .     SeeInvis .     a - +0 long sword
rCold  . . .     Clarity  .     b - +0 scale mail
rNeg   . . .     SustAt   .     c - +0 shield
rPois  .         Gourm    .     (helmet restricted)
rElec  .         Spirit   +     (no cloak)
rCorr  .         Warding  .     (no gloves)
rMut   .         Stasis   .     (no boots)
MR     .....                    n - amulet of guardian spirit
Stlth  ..........               (no ring)
                                (no ring)

@: brilliant, not resistant to hostile enchantments, extremely unstealthy
A: retaliatory headbutt, horns 2
a: no special abilities


You were in an ossuary.
You were very hungry.

You visited 1 branch of the dungeon, and saw 4 of its levels.
You also visited: Ossuary.

You collected 155 gold pieces.

Inventory:

Hand Weapons
 a - a +0 long sword (weapon)
 m - a cursed -3 short sword
 v - a +2 spear of distortion
Armour
 b - a +0 scale mail (worn)
 c - a +0 shield (worn)
 E - a +0 pair of gloves
Jewellery
 n - an amulet of guardian spirit (around neck)
 q - an uncursed ring of protection from cold {unknown}
Wands
 G - a wand of frost (36)
Scrolls
 f - a scroll of fog {unknown}
 g - 6 scrolls of identify {unknown}
 i - 3 scrolls of enchant armour {unknown}
 j - 3 scrolls of amnesia {unknown}
 k - 2 scrolls of recharging {unknown}
 l - a scroll of remove curse {unknown}
 o - a scroll of teleportation {unknown}
 p - a scroll of immolation {unknown}
 r - a scroll of noise {unknown}
 s - a scroll of random uselessness {unknown}
 y - a scroll of fear {unknown}
Potions
 d - a potion of might
 h - a potion of degeneration
 t - a potion of flight {unknown}
 w - a potion of beneficial mutation {unknown}
 A - a potion of curing {unknown}
 B - a potion of lignification {unknown}
 D - a potion of brilliance
 F - a potion of heal wounds {unknown}
Books
 C - a book of Battle

   Spells                             Type                      Level
   a - Infusion                       Charms                       1
   b - Shroud of Golubria             Charms/Translocation         2
   c - Song of Slaying                Charms                       2
   d - Spectral Weapon                Hexes/Charms                 3
   e - Regeneration                   Charms/Necromancy            3
Comestibles
 e - 4 bread rations
 u - a slice of pizza
 x - a meat ration


   Skills:
 + Level 5.4 Fighting
 + Level 4.7 Long Blades
 + Level 5.0 Armour
 + Level 3.5 Dodging
 + Level 0.8 Stealth
 + Level 5.8 Shields


You had 6 spell levels left.
You didn't know any spells.

Dungeon Overview and Level Annotations

Branches:
Dungeon (4/15)
 Temple: D:4-7

Altars:
Ashenzari
Cheibriados
Kikubaaqudgha
Makhleb


Innate Abilities, Weirdness & Mutations

You reflexively headbutt those who attack you in melee.
You have a pair of horns on your head.


Message History

* * * LOW HITPOINT WARNING * * *
The mummy hits you!
* * * LOW HITPOINT WARNING * * *
You hit the mummy but do no damage.
The mummy is almost destroyed.
You block the mummy's attack. The mummy closely misses you.
The mummy barely misses you.
Unknown command.
Drink which item? (? for menu, Esc to quit)
It was a potion of degeneration.
There was something very wrong with that liquid.
You feel dopey. You block the mummy's attack. The mummy barely misses you.
Drink which item? (? for menu, Esc to quit)
It was a potion of brilliance.
You feel clever all of a sudden. The mummy hits you.
* * * LOW HITPOINT WARNING * * *
The mummy hits you!
You die...

#..###....# #....###..
#..'.#...................#.#..
#..#.#........?!!........'.#..
#..#.'.......!!$!?.......#.'..
#..########../$∩$!..########..
#..'.#.......!!$?!.......#.#..
#..#.'........!!!........#.#..
#..#.#.......M...........'.'..
#..###......M@M..........###..
#..'.####....M.#.....#####.#..
#..#.#.........#.........#.#..
#..#.#....#....#....#....#.'..
#..###....#....#....#....###..
#..'.#....#....#....#....#.#..
#..#.####'###'###'####'###.#..
#..#...#...#...#...#...#...#..
#..#####'###'###'###'###'###..


You could see 4 mummies.

Vanquished Creatures
  Grinder (D:3)
  A troll zombie (Ossuary)
  3 centaur zombies (Ossuary)
  A big kobold zombie (Ossuary)
  An ogre zombie (Ossuary)
  3 mummies (Ossuary)
  9 adders
  2 oozes (D:3)
  2 adder zombies (Ossuary)
  4 giant geckos
  6 orcs
  A ball python (D:1)
  A giant cockroach (D:2)
  8 goblins
  8 hobgoblins
  4 quokkas
  6 bats
  5 giant newts
  A gnoll zombie (Ossuary)
  5 goblin zombies (Ossuary)
  5 hobgoblin zombies (Ossuary)
  8 kobolds
  6 kobold zombies (Ossuary)
  4 quokka zombies (Ossuary)
  5 rats
  2 rat zombies
102 creatures vanquished.

Notes
Turn   | Place    | Note
--------------------------------------------------------------
     0 | D:1      | Peloso the Minotaur Fighter began the quest for the Orb.
     0 | D:1      | Reached XP level 1. HP: 19/19 MP: 0/0
     1 | D:1      | You fall through a shaft!
    94 | D:2      | Reached skill level 4 in Fighting
    94 | D:2      | Reached XP level 2. HP: 17/27 MP: 1/1
   420 | D:2      | Reached XP level 3. HP: 33/33 MP: 2/2
   992 | D:2      | Found a snail-covered altar of Cheibriados.
   992 | D:2      | Found an ancient bone altar of Kikubaaqudgha.
  1966 | D:2      | Reached skill level 1 in Dodging
  1976 | D:2      | Reached XP level 4. HP: 40/40 MP: 3/3
  1988 | D:3      | Found a shattered altar of Ashenzari.
  2489 | D:3      | Noticed Grinder
  2497 | D:3      | Paralysed by Grinder for 3 turns
  2505 | D:3      | Killed Grinder
  2505 | D:3      | Reached skill level 5 in Shields
  2505 | D:3      | Reached XP level 5. HP: 30/47 MP: 2/4
  2505 | D:3      | Reached XP level 6. HP: 33/53 MP: 2/5
  3102 | D:4      | Found a burning altar of Makhleb.
  3459 | D:4      | Found a sand-covered staircase.
  3470 | Ossuary  | Entered an ossuary
  3708 | Ossuary  | Reached skill level 5 in Fighting
  4072 | Ossuary  | Reached skill level 5 in Armour
  4072 | Ossuary  | Reached XP level 7. HP: 61/61 MP: 6/6
  4152 | Ossuary  | HP: 3/61 [mummy (10)]
  4155 | Ossuary  | Mangled by a mummy

Action                   |  1- 3 |  4- 6 |  7- 9 || total
-------------------------+-------+-------+-------++-------
Melee: Long sword        |    94 |   201 |    15 ||   310
  Use: Potion            |       |       |     2 ||     2
  Eat: Chunk             |     3 |     5 |       ||     8
       Pizza             |       |     1 |       ||     1
